 Dungeon Crawl Stone Soup version 0.23.2-1-ga50397a (webtiles) character file.

Game seed: 4170188116174673021

642 TrebMcFLY the Chopper (level 7, -1/64 HPs)
             Began as a Deep Dwarf Fighter on May 14, 2019.
             Slain by an orc
             ... wielding a +2 vampiric hand axe
              (2 damage)
             ... on level 5 of the Dungeon.
             The game lasted 00:13:48 (4069 turns).

TrebMcFLY the Chopper (Deep Dwarf Fighter)          Turns: 4069, Time: 00:13:51

Health: -1/64      AC:  7    Str: 21    XL:     7   Next: 26%
Magic:  7/7        EV:  7    Int:  9    God:
Gold:   142        SH: 10    Dex: 12    Spells: 6/6 levels left

rFire    . . .     SeeInvis .   a - +0 war axe
rCold    . . .     Gourm    .   c - +0 shield
rNeg     . . .     Faith    .   b - +0 scale mail
rPois    .         Spirit   .   (no helmet)
rElec    .         Reflect  .   (no cloak)
rCorr    .         Harm     .   (no gloves)
MR       +....                  (no boots)
Stlth    ..........             (no amulet)
HPRegen  0.00/turn              (no ring)
MPRegen  0.10/turn              (no ring)

@: non-regenerating
A: damage resistance, heal wounds, sense surroundings 1, no regeneration
a: Heal Wounds


You were on level 5 of the Dungeon.
You were very hungry.

You visited 1 branch of the dungeon, and saw 6 of its levels.

You collected 142 gold pieces.

Inventory:

Hand Weapons
 a - a +0 war axe (weapon)
Armour
 b - a +0 scale mail (worn)
 c - a +0 shield (worn)
Magical Staves
 n - a cursed staff of death {unknown}
Wands
 w - a wand of random effects (16)
 x - a wand of iceblast (9)
Scrolls
 e - 2 scrolls of blinking {unknown}
 i - 4 scrolls of identify {unknown}
 j - a scroll of random uselessness {unknown}
 k - 2 scrolls of fog {unknown}
 l - a scroll of fear {unknown}
 o - a scroll of amnesia {unknown}
 s - 2 scrolls of enchant weapon {unknown}
 t - a scroll of teleportation {unknown}
Potions
 d - a potion of might
 g - 3 potions of curing
 h - a potion of degeneration {unknown}
 m - a potion of haste {unknown}
 p - a potion of mutation {unknown}
 q - a potion of flight {unknown}
 r - a potion of magic {unknown}
 u - a potion of agility {unknown}
 v - a potion of invisibility {unknown}
Comestibles
 f - 8 rations


   Skills:
 + Level 4.1 Fighting
 * Level 5.8 Axes
 + Level 5.1 Armour
 + Level 5.0 Shields


You had 6 spell levels left.
You didn't know any spells.
Your spell library was empty.

Dungeon Overview and Level Annotations

Branches:
Dungeon (6/15)
 Temple: D:4-7

Altars:
Gozag
Hepliaklqana
Nemelex Xobeh
Trog
Uskayaw
Yredelemnul

Annotations:
D:2 1 runed translucent door, Crazy Yiuf
D:3 2 runed translucent doors, RatmanManrat's ghost, amateur MiBe


Innate Abilities, Weirdness & Mutations

You are resistant to damage.
You can heal yourself by infusing magical energy.
You passively map a small area around you.
You do not regenerate.


Message History

You closely miss the orc. You block the centaur's attack.
The centaur closely misses you. The orc hits you but does no damage.
You closely miss the centaur.
The centaur is lightly wounded.
You hit the orc but do no damage. You block the centaur's attack.
The phantom blinks!
The orc hits you but does no damage. The centaur hits you!
* * * LOW HITPOINT WARNING * * *
You hit the centaur but do no damage.
The centaur is lightly wounded.
You closely miss the orc. You block the centaur's attack.
You block the orc's attack. The centaur hits you.
* * * LOW HITPOINT WARNING * * *
You hit the centaur.
The centaur is moderately wounded.
You hit the orc.
The centaur hits you but does no damage.
The orc hits you with a +2 vampiric hand axe.
The centaur barely misses you.
The orc hits you with a +2 vampiric hand axe.
You die...

##.....##.#..........(.######....
..._......####.......#.# #.....
.....##..## ##........# #.....
....###..# ##.......# ##.#...
....###.(# #......## #......
###......### ###......#####.....#
###........###......#....)......#
...............c.o####...#####..#
................@## #..## ##..
................W## #..# ###
..................####..## #.
..........##.......##....## #.
.######...................## ##.
.# #..##...(..<.........####.. ##
##.###...###............##.# ##
#..# ##...#.....#...........
.#####.## ##.....#..............


You could see a phantom, a centaur and an orc.

Vanquished Creatures
  An ogre (D:5)
  A howler monkey (D:6)
  A crimson imp (D:4)
  An orc priest (D:3)
  2 hounds
  2 orc wizards
  Terence (D:2)
  3 worker ants (D:4)
  A hound zombie (D:4)
  4 gnolls (D:4)
  6 adders
  An ooze (D:1)
  2 adder skeletons
  5 worms
  A dart slug (D:1)
  5 leopard geckos
  10 orcs
  4 ball pythons
  4 giant cockroaches
  12 goblins
  3 hobgoblins
  9 jackals
  12 kobolds
  4 quokkas
  5 bats
  3 frilled lizards
  A leopard gecko zombie (D:5)
  9 rats
113 creatures vanquished.

Notes
Turn   | Place    | Note
-------+----------+-------------------------------------------
     0 | D:1      | TrebMcFLY the Deep Dwarf Fighter began the quest for the
                  | Orb.
     0 | D:1      | Reached XP level 1. HP: 20/20 MP: 1/1
   146 | D:1      | Reached XP level 2. HP: 27/27 MP: 2/2
   514 | D:1      | Reached XP level 3. HP: 31/33 MP: 3/3
   878 | D:2      | Found a hazy altar of Hepliaklqana.
   883 | D:2      | Found a bloodstained altar of Trog.
  1143 | D:2      | Reached XP level 4. HP: 16/42 MP: 4/4
  1146 | D:2      | Noticed Terence
  1196 | D:2      | Killed Terence
  1305 | D:2      | Found a sparkling altar of Nemelex Xobeh.
  1441 | D:2      | Found a runed translucent door.
  1442 | D:2      | Noticed Crazy Yiuf
  1501 | D:2      | Found a basalt altar of Yredelemnul.
  1673 | D:3      | Reached XP level 5. HP: 9/49 MP: 5/5
  1739 | D:3      | Found a runed translucent door.
  1887 | D:3      | Found a runed translucent door.
  1889 | D:3      | Noticed RatmanManrat's ghost (amateur MiBe)
  2267 | D:4      | HP: 1/49 [gnoll/+0 spear (4)]
  2345 | D:4      | Found a hide-covered altar of Uskayaw.
  2378 | D:4      | Reached XP level 6. HP: 25/56 MP: 6/6
  2486 | D:4      | Reached skill level 5 in Axes
  2836 | D:5      | Entered Level 5 of the Dungeon
  2904 | D:5      | Reached XP level 7. HP: 35/64 MP: 7/7
  3130 | D:5      | Reached skill level 5 in Armour
  3371 | D:5      | Found an opulent altar of Gozag.
  4056 | D:6      | Reached skill level 5 in Shields
  4067 | D:5      | HP: 3/64 [centaur (7)]
  4068 | D:5      | HP: 1/64 [centaur (2)]
  4069 | D:5      | Slain by an orc

Skill      XL: |  1  2  3  4  5  6  7 |
---------------+----------------------+-----
Fighting       | 3 4 |  4.1
Axes           | 3 4 5 |  5.8
Armour         | 4 5 |  5.1
Shields        | 4 5 |  5.0

Action                   |  1- 3 |  4- 6 |  7- 9 || total
-------------------------+-------+-------+-------++-------
Melee: War axe           |   139 |   238 |    64 ||   441
 Abil: Heal Wounds       |       |     7 |       ||     7
  Eat: Chunk             |     1 |     6 |     3 ||    10
Armor: Scale mail        |    54 |    78 |    28 ||   160
Dodge: Dodged            |    58 |    60 |    19 ||   137
Block: Shield            |    72 |   120 |    42 ||   234
